Map: Eternal Empire LE

Players

LiquidMaNa (MaNa) - Winner!

  • Race: Protoss Protoss
  • League: Grandmaster
  • Spawn Location: 1:00

SouLeer

  • Race: Zerg Zerg
  • League: Grandmaster
  • Spawn Location: 7:00

VOD

Have the link to the VOD?

Description

Time

  • Played on: July 14, 2020, 12:18 p.m.
  • Length: 8:06
Show
View Real Time Build Order
Export as new Build Order

LiquidMaNa Protoss - Winner!

Build Orders: 1 Gate Expand, Oracle Opening, Phoenix Opening 

Get SALT Encoding   

  12  0:00  Probe  
  13  0:12  Probe  
  14  0:19  Pylon  
  14  0:24  Probe  
  15  0:33  Probe  
  15  0:41  Probe  
  16  0:44  Gateway  
  17  0:51  Assimilator  
  17  0:52  Probe  
  18  1:00  Probe  
  19  1:08  Probe  
  19  1:18  Probe  
  21  1:29  Nexus  
  21  1:39  Cybernetics Core  
  21  1:45  Assimilator  
  21  1:47  Probe  
  22  1:54  Pylon  
  22  2:00  Probe  
  23  2:06  Adept  
  23  2:12  Probe  
  24  2:16  Warp Gate  
  26  2:24  Probe  
  26  2:28  Stargate  
  27  2:36  Probe, Stalker  
  30  2:38  Probe  
  31  2:46  Probe  
  31  2:48  Probe  
  33  2:56  Probe  
  34  3:00  Probe  
  35  3:08  Probe, Oracle  
  39  3:13  Probe  
  39  3:16  Adept  
  42  3:20  Probe  
  43  3:28  Probe  
  43  3:32  Gateway, Probe, Pylon  
  43  3:37  Phoenix  
  43  3:39  Assimilator  
  43  3:41  Probe  
  44  3:44  Probe  
  46  3:53  Probe  
  46  3:54  Oracle  
  47  3:56  Probe  
  47  3:57  Pylon  
  51  4:04  Adept  
  51  4:05  Probe  
  54  4:15  Probe  
  54  4:16  Pylon  
  55  4:22  Phoenix  
  55  4:23  Nexus, Probe  
  56  4:27  Probe  
  59  4:35  Twilight Council  
  59  4:38  Forge  
  59  4:40  Probe  
  59  4:41  Probe  
  61  4:49  Stargate  
  61  4:51  Assimilator  
  61  4:53  Probe x2  
  61  4:57  Phoenix  
  65  5:05  Probe x2  
  65  5:06  Shield Battery  
  67  5:12  Protoss Ground Weapons Level 1  
  67  5:17  Probe  
  67  5:18  Probe  
  69  5:22  Charge  
  69  5:23  Gateway  
  69  5:29  Zealot, Probe  
  69  5:34  Probe  
  71  5:37  Probe  
  71  5:40  Phoenix x2  
  71  5:41  Probe  
  77  5:43  Gateway  
  77  5:46  Gateway, Probe  
  78  5:56  Zealot x2, Probe x2  
  84  5:59  Pylon  
  84  6:05  Pylon  
  84  6:06  Protoss Air Weapons Level 1  
  84  6:17  Phoenix x2  
  88  6:21  Gateway x2  
  88  6:23  Probe x3  
  91  6:27  Zealot x2  
  95  6:35  Probe x2  
  95  6:37  Pylon  
  97  6:40  Assimilator  
  97  6:42  Phoenix  
  97  6:43  Assimilator  
  97  6:45  Phoenix  
  101  6:50  Pylon  
  101  6:58  Zealot x4  
  109  7:08  Probe x2  
  111  7:09  Pylon  
  111  7:11  Pylon  
  111  7:12  Phoenix, Pylon  
  111  7:13  Phoenix  
  115  7:19  Zealot x2  
  115  7:30  Probe  
  115  7:33  Zealot x3  
  115  7:34  Zealot  
  124  7:38  Probe x2  
  124  7:39  Phoenix  
  124  7:40  Phoenix  
  130  7:46  Probe  
  131  7:58  Zealot x4  
Show
View Real Time Build Order
Export as new Build Order

SouLeer Zerg 

Build Orders: Hatch First 

Get SALT Encoding   

  12  0:01  Drone  
  13  0:14  Overlord  
  13  0:17  Drone  
  14  0:32  Drone x2  
  16  0:47  Drone  
  16  0:48  Drone  
  18  0:56  Hatchery  
  17  1:00  Drone  
  18  1:08  Extractor  
  17  1:15  Spawning Pool  
  17  1:18  Drone  
  17  1:21  Drone  
  18  1:30  Drone  
  19  1:42  Drone  
  20  1:52  Overlord  
  20  2:01  Queen  
  20  2:07  Queen  
  20  2:08  Zergling x4  
  25  2:11  Metabolic Boost  
  25  2:13  Zergling x2  
  27  2:19  Zergling x2  
  28  2:23  Drone  
  28  2:29  Drone  
  31  2:44  Drone x2  
  31  2:45  Hatchery  
  31  2:49  Drone  
  32  2:53  Overlord  
  32  3:00  Queen  
  32  3:04  Drone  
  32  3:05  Drone  
  36  3:11  Drone  
  36  3:13  Overlord  
  36  3:17  Drone  
  35  3:29  Overlord  
  35  3:33  Drone x3  
  38  3:39  Drone  
  39  3:44  Drone x3  
  39  3:45  Lair  
  42  3:49  Drone x2  
  42  3:55  Queen  
  44  3:57  Drone  
  44  4:02  Drone x2  
  49  4:07  Overlord  
  49  4:09  Spore Crawler  
  48  4:13  Drone x2  
  48  4:14  Drone x2  
  51  4:19  Drone x3  
  51  4:23  Drone  
  51  4:24  Drone  
  54  4:28  Spore Crawler  
  51  4:33  Spore Crawler, Zergling x4  
  51  4:34  Zergling x2  
  51  4:35  Zergling x2  
  54  4:44  Zergling x4  
  54  4:45  Zergling x2, Roach Warren  
  56  4:47  Extractor  
  56  4:49  Queen  
  56  4:51  Zergling x2  
  58  4:54  Overlord  
  58  4:56  Drone  
  55  5:07  Drone x2  
  55  5:08  Drone x3  
  55  5:13  Drone x2  
  62  5:15  Extractor, Drone  
  62  5:20  Drone  
  62  5:23  Overlord  
  62  5:25  Overlord  
  60  5:30  Overlord  
  60  5:34  Drone x4  
  60  5:35  Drone x4  
  67  5:37  Drone  
  67  5:42  Drone, Glial Reconstitution  
  69  5:45  Evolution Chamber  
  69  5:47  Roach  
  69  5:48  Roach  
  72  5:52  Roach  
  72  5:54  Roach x2  
  77  6:00  Roach x2  
  77  6:02  Overlord  
  81  6:06  Roach  
  81  6:07  Extractor, Roach  
  81  6:10  Roach x2  
  87  6:13  Overseer  
  87  6:19  Overlord  
  89  6:25  Roach  
  89  6:26  Overlord, Roach x3  
  89  6:30  Zergling x12  
  100  6:38  Drone  
  100  6:39  Drone x3  
  105  6:40  Drone  
  105  6:42  Overlord  
  105  6:45  Overlord  
  105  6:47  Ravager x3  
  107  6:50  Overlord  
  108  6:58  Hatchery  
  105  7:02  Spore Crawler  
  105  7:05  Queen  
  105  7:07  Drone  
  107  7:10  Spore Crawler  
  107  7:13  Spore Crawler  
  107  7:15  Drone x3  
  105  7:16  Drone x2  
  105  7:19  Drone x2  
  105  7:21  Drone x2  
  104  7:23  Drone x2  
  104  7:26  Drone  
  104  7:27  Drone  
  104  7:29  Drone x2  
  106  7:30  Drone  
  106  7:35  Overlord  
  103  7:40  Extractor  
  103  7:41  Extractor, Hydralisk Den, Drone x4  
  104  7:47  Overlord  
  104  7:48  Zergling x8  
Tags
 
Add a new tag
Caveats
  • Supply blocks, unpowered buildings, or Contaminate may cause inaccurate times.
  • Supply counts are checked every 10 seconds.